 Dungeon Crawl Stone Soup version 0.20-a0-802-g512f924 (webtiles) character file.

310 Espgualade the Skirmisher (level 6, -8/40 HPs)
             Began as a Tengu Ice Elementalist on Mar 2, 2017.
             Mangled by chequers's ghost (13 damage)
             ... on level 4 of the Dungeon.
             The game lasted 00:09:41 (3313 turns).

Espgualade the Skirmisher (Tengu Ice Elementalist)  Turns: 3313, Time: 00:09:41

Health: -8/40      AC: 10    Str: 13    XL:     6   Next: 41%
Magic:  2/10       EV: 13    Int: 23    God:
Gold:   85         SH:  0    Dex: 14    Spells: 3/9 levels left

rFire    . . .     SeeInvis .   e - +3 whip (drain)
rCold    . . .     Gourm    .   a - +0 robe
rNeg     . . .     Faith    .   (no shield)
rPois    +         Spirit   .   (helmet restricted)
rElec    .         Reflect  .   q - +0 cloak
rCorr    .         Harm     .   m - +0 pair of gloves (curse)
MR       .....                  (boots unavailable)
Stlth    ++........             (no amulet)
Regen    0.2/turn               (no ring)
MPRegen  0.2/turn               p - ring of poison resistance

@: mighty, brilliant, icy armour, slow
A: beak, talons 3, able to fly 1
a: Fly


You were on level 4 of the Dungeon.
You were not hungry.

You visited 1 branch of the dungeon, and saw 4 of its levels.

You collected 85 gold pieces.

Inventory:

Hand Weapons
 e - a +3 whip of draining (weapon)
 j - a cursed -2 dagger
Armour
 a - a +0 robe (worn)
 m - a cursed +0 pair of gloves (worn)
 q - a +0 cloak (worn)
Jewellery
 p - a ring of poison resistance (left hand)
Wands
 r - a wand of enslavement (14/24)
Scrolls
 i - 3 scrolls of recharging
 l - 2 scrolls of fog
 s - a scroll of identify
Potions
 d - a potion of magic
 g - 5 potions of curing
 h - a potion of heal wounds {unknown}
 o - a potion of brilliance
Books
 b - a book of Frost

   Spells                             Type                      Level
   a - Freeze                         Ice                          1
   b - Throw Frost                    Conjuration/Ice              2
   c - Ozocubu's Armour               Charms/Ice                   3
   d - Throw Icicle                   Conjuration/Ice              4
   e - Summon Ice Beast               Ice/Summoning                4
Comestibles
 c - 3 bread rations
 k - a meat ration
 n - 4 chunks of flesh


   Skills:
 - Level 5.1 Fighting
 + Level 3.3 Dodging
 + Level 3.2 Stealth
 - Level 2.0 Spellcasting
 - Level 1.3 Conjurations
 - Level 2.6 Ice Magic


You had 3 spell levels left.
You knew the following spells:

 Your Spells              Type           Power        Failure   Level  Hunger
a - Freeze                Ice            ####         1%          1    #......
b - Throw Frost           Conj/Ice       ####..       1%          2    ##.....
c - Ozocubu's Armour      Chrm/Ice       ###.....     3%          3    ###....


Dungeon Overview and Level Annotations

Branches:
Dungeon (4/15)
 Temple: D:4-7

Altars:
Ashenzari
Nemelex Xobeh

Annotations:
D:4 chequers's ghost, novice BaFi


Innate Abilities, Weirdness & Mutations

You have a beak for a mouth.
You have claws for feet.
You can fly.


Message History

Press: ? - help, Shift-Dir - straight line, f/p - chequers's ghost
Aim: chequers's ghost (heavily damaged)
You freeze chequers's ghost.
Chequers's ghost is heavily damaged.
You closely miss chequers's ghost. Your peck misses chequers's ghost.
Chequers's ghost is heavily damaged.
Chequers's ghost hits you!!
* * * LOW HITPOINT WARNING * * *
You feel better. Chequers's ghost hits you.
* * * LOW HITPOINT WARNING * * *
There is an open door here.
It was a potion of might.
You feel very mighty all of a sudden.
Chequers's ghost hits you but does no damage.
You hit chequers's ghost.
Chequers's ghost is heavily damaged.
Chequers's ghost hits you.
* * * LOW HITPOINT WARNING * * *
Chequers's ghost hits you!
You die...

.# #....# .......#....# .#
#....# .....#....# .# #....#
...#....# ##
#....#########'#....#
########......#.....'....#
#......#......#.....#....#
'......#......#.....#...[.#
##.##.##......##'####.....#
##.##(#.......#W@##########
......#.......#..#§≈≈≈§≈≈#
......#.......'..#§§§..§≈#
......'.......####≈..≈§§≈######
####..#..........#≈.≈§§§≈#....#
#..#..........#≈..§§.≈#....#
#..#..........#§≈.§§§§#....#
#..#..........#§≈≈)§≈§#....#
#..#..........####'####....#


You could see chequers's ghost.

Vanquished Creatures
  An ogre (D:4)
  A hound (D:4)
  An orc priest (D:3)
  An orc wizard (D:4)
  5 adders
  An ooze (D:2)
  2 worms
  2 dart slugs
  5 leopard geckos
  6 orcs
  8 bats
  3 giant cockroaches
  2 goblins
  9 hobgoblins
  7 jackals
  3 quokkas
  2 frilled lizards
  4 kobolds
  4 rats
67 creatures vanquished.

Notes
Turn   | Place    | Note
-------+----------+-------------------------------------------
     0 | D:1      | Espgualade the Tengu Ice Elementalist began the quest for the Orb.
     0 | D:1      | Reached XP level 1. HP: 10/10 MP: 4/4
   271 | D:1      | Reached skill level 1 in Fighting
   543 | D:1      | Reached XP level 2. HP: 16/16 MP: 6/6
   561 | D:1      | Found a shattered altar of Ashenzari.
   588 | D:1      | Reached skill level 2 in Fighting
  1055 | D:1      | Learned a level 2 spell: Throw Frost
  1088 | D:2      | Found a sparkling altar of Nemelex Xobeh.
  1111 | D:2      | Reached XP level 3. HP: 18/22 MP: 7/7
  1320 | D:2      | Reached skill level 3 in Fighting
  1623 | D:2      | Reached XP level 4. HP: 22/28 MP: 2/8
  1793 | D:2      | Learned a level 3 spell: Ozocubu's Armour
  1904 | D:3      | Reached skill level 4 in Fighting
  2159 | D:3      | Gained mutation: You can fly. [Tengu growth]
  2159 | D:3      | Reached XP level 5. HP: 34/34 MP: 9/9
  2781 | D:4      | Reached skill level 5 in Fighting
  3084 | D:4      | Reached XP level 6. HP: 40/40 MP: 10/10
  3158 | D:4      | Noticed chequers's ghost (novice BaFi)
  3306 | D:4      | HP: 2/40 [chequers's ghost (18)]
  3313 | D:4      | Mangled by chequers's ghost

Vault maps used:
D:1:      dpeg_arrival_rooms_c, evilmike_ruin_ashenzari
D:2:      nemelex_xobeh_ov_fountains_minmay, mrwooster_statue_mirror,
          minivault_23, minmay_misc_feat_cross, kennysheep_another_room
D:3:      kennysheep_generic_room_4
D:4:      first_bread, kennysheep_generic_room_8

Skill      XL: |  1  2  3  4  5  6 |
---------------+-------------------+-----
Fighting       | 1 2 3 4 5 |  5.1
Dodging        | 3 |  3.3
Stealth        | 3 |  3.2
Spellcasting   | |  2.0
Conjurations   | |  1.3
Ice Magic      | |  2.6

Action                   |  1- 3 |  4- 6 || total
-------------------------+-------+-------++-------
Melee: Whip              |    75 |    90 ||   165
       Kick              |     9 |    21 ||    30
       Peck              |     6 |     6 ||    12
 Cast: Freeze            |    13 |    14 ||    27
       Throw Frost       |       |     2 ||     2
       Ozocubu's Armour  |       |     2 ||     2
  Use: Scroll            |       |     7 ||     7
       Potion            |       |     3 ||     3
 Stab: Sleeping          |     3 |     6 ||     9
  Eat: Chunk             |     2 |     6 ||     8
Armor: Robe              |    15 |    18 ||    33
Dodge: Dodged            |    54 |    53 ||   107
